 Dungeon Crawl Stone Soup version 0.31-a0-656-gb4d89c20fa (webtiles) character file.

Game seed: 2926340121924814187

697 Gelion the Changeling (level 7, -4/43 HPs)
             Began as an Octopode Shapeshifter on Aug 31, 2023.
             Was an Initiate of Gozag.
             Slain by Prince Ribbit (9 damage)
             ... on level 5 of the Dungeon.
             The game lasted 00:06:25 (3309 turns).

Gelion the Changeling (Octopode Shapeshifter)       Turns: 3309, Time: 00:06:26

Health: -4/43      AC:  1    Str: 13    XL:     7   Next: 65%
Magic:  7/7        EV: 13    Int: 13    God:    Gozag
Gold:   280        SH:  0    Dex: 13    Spells: 6/6 levels left

rFire   . .          .
                       - Unarmed
rCold   . . .        (shield currently unavailable)
rNeg    . . .        (helmet restricted)
rPois   .            i - amulet of regeneration
rElec   .            k - ring of flight
rCorr   .            (no ring)
SInv    .            (no ring)
Will    .....        (no ring)
Stlth   +            (no ring)
HPRegen 1.07/turn    (no ring)
MPRegen 0.10/turn    (no ring)
                     (no ring)

%: no passive effects
@: mighty, flux-form, flying, glowing
A: glow, contaminating, reduced hp, almost no armour, amphibious, 8 rings,
camouflage 1, gelatinous body 1, (nimble swimmer 1), tentacles
a: Begin Untransformation, Renounce Religion, Potion Petition, Call Merchant,
Bribe Branch


You were on level 5 of the Dungeon.
You worshipped Gozag.
Gozag was aware of your devotion.
You were something dangerously unstable.
You visited 2 branches of the dungeon, and saw 6 of its levels.

You collected 324 gold pieces.
You paid 44 gold pieces to Gozag.

Inventory:

Missiles
 o - 5 javelins
Jewellery
 i - an amulet of regeneration (around mantle)
 k - a ring of flight (left tentacle)
Talismans
 c - a flux talisman (active)
Wands
 m - a wand of roots (5)
Scrolls
 b - a scroll of enchant weapon
 e - 2 scrolls of immolation
 g - a scroll of fear
 h - 2 scrolls of teleportation
 l - 2 scrolls of identify
 p - a scroll of torment {unknown}
 q - a scroll of amnesia {unknown}
Potions
 a - a potion of lignification
 d - a potion of might
 f - 2 potions of curing
 j - a potion of brilliance {unknown}
 n - a potion of resistance {unknown}


   Skills:
 + Level 4.0 Fighting
 - Level 2.0 Dodging
 + Level 5.0 Unarmed Combat
 * Level 6.1 Shapeshifting


You had 6 spell levels left.
You didn't know any spells.
Your spell library contained the following spells:

 Spells                   Type           Power      Damage    Failure   Level
 Inner Flame              Hex/Fire       0%         N/A       67%         3
 Flame Wave               Conj/Fire      0%         2d4       97%         4
 Sticky Flame             Conj/Fire      0%         2d3       97%         4


Dungeon Overview and Level Annotations

Branches:
Dungeon (5/15)             Temple (1/1) D:4

Altars:
Ashenzari
Cheibriados
Dithmenos
Fedhas
Gozag
Kikubaaqudgha
Makhleb
Ru
Sif Muna
Trog
Uskayaw
Vehumet
Wu Jian
Xom
Zin
The Shining One

Shops:
D:3 [

Annotations:
D:5 Prince Ribbit


Innate Abilities, Weirdness & Mutations

You are something dangerously unstable.
You glow with magical radiation, making you easy to see and hit.
Foes you strike become dangerously contaminated with magical radiation.
Your maximum health is decreased, since you lack skill for your form.
You are incapable of wielding weapons or throwing items.
You cannot wear most types of armour.
You are amphibious.
You can wear up to eight rings at the same time.
Your skin changes colour to match your surroundings (Stealth+).
Your rubbery body absorbs attacks. (AC +1, EV +1)
((You are camouflaged when in or above water. (Stealth+)))
You have tentacles for arms and can constrict up to eight enemies at once.


Message History

You kill the hound!
Your Fighting skill increases to level 4!
No target in view!
No target in view!
HP restored.
You now have 274 gold pieces (gained 8).
You now have 280 gold pieces (gained 6).
Found a stone staircase leading down.
q - a scroll labelled YVVEL PEIGOENG
Found a stone.
Prince Ribbit comes into view.
Found 18 gold pieces.
Prince Ribbit is nearby!
Prince Ribbit closely misses you. Prince Ribbit hits you!
You miss Prince Ribbit. Your grab misses Prince Ribbit. Prince Ribbit hits you.
You tentacle-slap Prince Ribbit.
Prince Ribbit begins to glow.
Your grab misses Prince Ribbit.
Prince Ribbit is lightly wounded.
Prince Ribbit hits you!
You are too injured to fight recklessly!
You are too injured to fight recklessly!
You closely miss Prince Ribbit. Your grab misses Prince Ribbit.
Prince Ribbit is lightly wounded.
Prince Ribbit barely misses you.
You tentacle-slap Prince Ribbit but do no damage.
Prince Ribbit glows dangerously bright.
You grab Prince Ribbit. You squeeze Prince Ribbit.
Prince Ribbit is moderately wounded.
You constrict Prince Ribbit.
Prince Ribbit hops awkwardly around.
Prince Ribbit hits you!
* * * LOW HITPOINT WARNING * * *
Prince Ribbit closely misses you.
It was a potion of might.
You feel very mighty all of a sudden.
You constrict Prince Ribbit.
Prince Ribbit hops awkwardly around.
Prince Ribbit hits you!
You die...
Your body crumbles into a pile of gold.

##.## #...# ## ##.##
#..####.# .>#
#.#.###.......##... .
#.##.......#....... ..
####.#.......#.#..# $..
...##............# ..
#.<.............##.#
#..##..............##..
###......##..#.BF......
#####...#.###......#....
#.......#..###.....# .
........##..........#
#.#.#......#....#...# #
#.##....###.......(. .
.............##... ..
............## #.. ..
........##...


You could see Prince Ribbit (heavy contam).

Vanquished Creatures
  The ghost of Jingleheimer the Insei, an amateur OpSh (D:4)
  Sigmund (D:2)
  An ogre (D:4)
  A kobold brigand (D:4)
  A hound (D:5)
  An orc priest (D:3)
  An orc wizard (D:3)
  A mummy (D:4)
  3 adders
  A worm (D:2)
  2 dart slugs
  6 orcs
  6 bats
  4 endoplasms
  A giant cockroach (D:2)
  4 goblins
  7 hobgoblins
  8 jackals
  4 ball pythons
  5 frilled lizards
  2 hobgoblin zombies (D:4)
  14 kobolds
  2 kobold zombies (D:4)
  2 rats
79 creatures vanquished.

Notes
Turn   | Place    | Note
-------+----------+-------------------------------------------
     0 | D:1      | Gelion the Octopode Shapeshifter began the quest for the
                  | Orb.
     0 | D:1      | Reached XP level 1. HP: 13/13 MP: 1/1
    98 | D:1      | Reached XP level 2. HP: 18/18 MP: 2/2
   202 | D:1      | Found a faded altar of an unknown god.
   220 | D:1      | Found a faded altar of an unknown god.
   754 | D:2      | Reached XP level 3. HP: 23/23 MP: 3/3
   792 | D:2      | Noticed Sigmund
   799 | D:2      | Killed Sigmund
   800 | D:2      | Reached skill level 4 in Shapeshifting
   800 | D:2      | Reached XP level 4. HP: 19/30 MP: 4/4
   800 | D:2      | Reached XP level 5. HP: 22/35 MP: 5/5
  1340 | D:2      | Found a bloodstained altar of Trog.
  1590 | D:3      | Reached XP level 6. HP: 15/41 MP: 6/6
  1841 | D:3      | Reached skill level 5 in Shapeshifting
  2057 | D:3      | Found Oskuyti's Antique Armour Shop.
  2227 | D:4      | Noticed Jingleheimer's ghost (amateur OpSh)
  2228 | D:4      | Found a runed translucent gate.
  2228 | D:4      | Found a runed translucent gate.
  2228 | D:4      | Found a runed translucent gate.
  2434 | D:4      | Found a staircase to the Ecumenical Temple.
  2467 | Temple   | Entered the Ecumenical Temple
  2475 | Temple   | Became a worshipper of Gozag Ym Sagoz the Greedy
  3154 | D:4      | Killed Jingleheimer's ghost
  3155 | D:4      | Reached XP level 7. HP: 37/47 MP: 7/7
  3164 | D:4      | Reached skill level 6 in Shapeshifting
  3264 | D:5      | Entered Level 5 of the Dungeon
  3281 | D:5      | Reached skill level 5 in Unarmed Combat
  3302 | D:5      | Noticed Prince Ribbit
  3309 | D:5      | Slain by Prince Ribbit

Illustrated notes

Levels and vault maps discovered:
D:1:      ncdulo_watergridlock, layout_basic,
          hellmonk_ecumenical_altar_the_god_not_taken
D:2:      layout_basic, basic_altar, minmay_misc_feat_more_columns, uniq_sigmund
D:3:      layout_basic, serial_shops, nicolae_shop_statue_plus,
          serial_bayou_pond_e
D:4:      layout_layer_cave, minmay_temple_entry_butterflies,
          gammafunk_ghost_nasty_kobolds, minmay_mini_ossuary
D:5:      layout_layer_cave, serial_shops, nicolae_shop_crystal,
          uniq_prince_ribbit1, uniq_blork_the_orc
Temple:   nicolae_temple_x_marks_the_god

Skill      XL: |  1  2  3  4  5  6  7 |
---------------+----------------------+-----
Fighting       | 2 3 4 |  4.0
Shapeshifting  | 4 5 6 |  6.1
Unarmed Combat | 4 5 |  5.0
Dodging        | |  2.0

Action                     |  1- 3 |  4- 6 |  7- 9 || total
---------------------------+-------+-------+-------++-------
  Melee: Unarmed           |    40 |    94 |    35 ||   169
         Constrict         |     9 |    22 |     6 ||    37
         Tentacles         |     2 |    19 |     5 ||    26
         Punch             |     1 |     2 |     1 ||     4
    Use: Scroll            |       |     6 |       ||     6
         Potion            |       |     1 |     4 ||     5
   Stab: Sleeping          |     1 |     8 |       ||     9
 Armour: Skin              |     5 |    16 |    41 ||    62
  Dodge: Dodged            |    28 |    39 |    32 ||    99
   Form: Flux              |       |     1 |       ||     1

Table legend: (Time is in decaauts)
 A = Elapsed time spent in this place.
 B = Non-inter-level travel time spent in this place.
 C = Inter-level travel time spent in this place.
 D = Time resting spent in this place.
 E = Time spent auto-exploring this place.
 F = Levels seen in this place.
 G = Mean time per level.
                   A        B        C        D        E       F      G
               +--------+--------+--------+--------+--------+-----+--------+
         Total |   3294 |   3108 |    186 |      0 |   2625 |   6 |  549.0 |
       Dungeon |   3277 |   3105 |    172 |      0 |   2625 |   5 |  655.4 |
        Temple |     16 |      2 |     14 |      0 |      0 |   1 |   16.0 |
               +--------+--------+--------+--------+--------+-----+--------+

Top non-repeatable levels by time:
     D:4: 1050 daAuts
     D:2: 774 daAuts
     D:1: 723 daAuts
     D:3: 686 daAuts
     D:5: 43 daAuts
  Temple: 16 daAuts
